 Dungeon Crawl Stone Soup version 0.29-a0-320-g9f8742066b (webtiles) character file.

Game seed: 3879658846660260945

30 Bnni the Skirmisher (level 3, -3/26 HPs)
             Began as an Octopode Fighter on Apr 3, 2022.
             Slain by Sigmund
             ... wielding a +0 scythe
              (10 damage)
             ... on level 2 of the Dungeon.
             The game lasted 00:01:46 (1236 turns).

Bnni the Skirmisher (Octopode Fighter)              Turns: 1236, Time: 00:01:47

Health: -3/26      AC:  1    Str: 15    XL:     3   Next: 18%
Magic:  3/3        EV: 13    Int: 16    God:
Gold:   24         SH:  4    Dex: 13    Spells: 2/2 levels left

rFire   . . .      SeeInvis .     - Unarmed
rCold   . . .      Faith    .   a - +0 buckler
rNeg    . . .      Spirit   .   (helmet restricted)
rPois   .          Reflect  .   (no amulet)
rElec   .          Harm     .   c - +6 ring of intelligence
rCorr   .          Rampage  .   (no ring)
Will    .....                   (no ring)
Stlth   ++........              (no ring)
HPRegen 0.08/turn               (no ring)
MPRegen 0.08/turn               (no ring)
                                (no ring)
                                (no ring)

@: mighty
A: almost no armour, amphibious, 8 rings, camouflage 1, gelatinous body 1,
(nimble swimmer 1), tentacles
a: no special abilities


You were on level 2 of the Dungeon.
You visited 1 branch of the dungeon, and saw 2 of its levels.

You collected 24 gold pieces.

Inventory:

Missiles
 d - 4 poisoned darts (quivered)
Armour
 a - a +0 buckler (worn)
Jewellery
 c - a +6 ring of intelligence (left tentacle)
Scrolls
 e - 3 scrolls of vulnerability {unknown}
 g - 2 scrolls of teleportation {unknown}
Potions
 f - a potion of curing {unknown}


   Skills:
 + Level 3.4 Fighting
 - Level 3.0 Dodging
 - Level 3.0 Shields
 * Level 3.1 Unarmed Combat


You had 2 spell levels left.
You didn't know any spells.
Your spell library was empty.

Dungeon Overview and Level Annotations

Branches:
Dungeon (2/15)

Altars:

Shops:
D:1 (

Annotations:
D:2 Sigmund


Innate Abilities, Weirdness & Mutations

You cannot wear most types of armour.
You are amphibious.
You can wear up to eight rings at the same time.
Your skin changes colour to match your surroundings (Stealth+).
Your rubbery body absorbs attacks. (AC +1, EV +1)
((You are camouflaged when in or above water. (Stealth+)))
You have tentacles for arms and can constrict up to eight enemies at once.


Message History

No target in view!
HP restored.
An endoplasm comes into view.
Found 5 gold pieces.
You see here 9 gold pieces.
An endoplasm is nearby!
A rat comes into view.
The helpless endoplasm fails to defend itself.
You tentacle-slap the endoplasm. You squeeze the endoplasm.
You kill the endoplasm!
No target in view!
The helpless rat fails to defend itself.
You tentacle-slap the rat.
You kill the rat!
No target in view!
A gnoll comes into view. It is wielding a +0 flail.
The gnoll moves out of view.
A rat comes into view.
You see here 2 scrolls labelled MOOD AHOIT VISEU.
A rat is nearby!
g - 2 scrolls labelled MOOD AHOIT VISEU Sigmund the Dreaded comes into view.
He is wielding a +0 scythe.
Sigmund shouts!
The rat closely misses you.
You closely miss the rat. You grab the rat. You constrict the rat.
You kill the rat!
A gnoll comes into view. It is wielding a +0 spear.
You feel very mighty all of a sudden.
Sigmund casts a spell.
Sigmund flickers and vanishes!
Deactivating autopickup; reactivate with Ctrl-A.
Found 23 stones.
Found a stone staircase leading down.
Something hits you!
Found a scroll labelled MOOD AHOIT VISEU.
Something hits you.
You miss something. You squeeze something. You barely miss something.
The gnoll hits you from afar with a +0 spear!
* * * LOW HITPOINT WARNING * * *
Something hits you!
You die...

##.....##
#.......######. .....
###....$....... #.....
#.........### .....>
#....#...## ##.....
#.........###.....
#...........#..#
#..........†$.#
#........##..@#
#....##.....#.{......
#.....#†....#g.....(.
#.....#.##..........?
#.......##..##.......
..............#.......
......................
.............g.........
⌠≈≈⌠≈.


You could see a gnoll.

Vanquished Creatures
  A worm (D:1)
  2 dart slugs (D:1)
  4 endoplasms
  3 goblins (D:1)
  3 hobgoblins
  4 ball pythons
  A bat (D:1)
  4 rats
22 creatures vanquished.

Notes
Turn   | Place    | Note
-------+----------+-------------------------------------------
     0 | D:1      | Bnni the Octopode Fighter began the quest for the Orb.
     0 | D:1      | Reached XP level 1. HP: 16/16 MP: 1/1
   144 | D:1      | Reached XP level 2. HP: 8/21 MP: 2/2
   846 | D:1      | Found Amumyiwk's Weapon Boutique.
  1077 | D:1      | Reached XP level 3. HP: 26/26 MP: 3/3
  1229 | D:2      | Noticed Sigmund
  1236 | D:2      | Slain by Sigmund

Illustrated notes

Levels and vault maps discovered:
D:1:      scummos_arrival_checkerplants, layout_loops_cross, serial_shops,
          nicolae_shop_waterfront, st_stairs_14, nicolae_wormholes
D:2:      layout_rooms, serial_shops, nicolae_shop_advertising_works
          [nicolae_subvault_shop_adworks], shapermc_ecumenical_altar_acropolis,
          uniq_sigmund, uniq_crazy_yiuf_cottage, uniq_terence

Skill      XL: |  1  2 |
---------------+-------+-----
Unarmed Combat | 3 |  3.1
Fighting       | |  3.4
Dodging        | |  3.0
Shields        | |  3.0

Action                   || total
-------------------------++-------
Melee: Unarmed           ||    41
       Tentacles         ||    12
       Constrict         ||    10
       Punch             ||     1
  Use: Potion            ||     1
 Stab: Sleeping          ||     5
Dodge: Dodged            ||    19
Block: Buckler           ||     4

Table legend: (Time is in decaauts)
 A = Elapsed time spent in this place.
 B = Non-inter-level travel time spent in this place.
 C = Inter-level travel time spent in this place.
 D = Time resting spent in this place.
 E = Time spent auto-exploring this place.
 F = Levels seen in this place.
 G = Mean time per level.
                   A        B        C        D        E       F      G
               +--------+--------+--------+--------+--------+-----+--------+
         Total |   1234 |   1226 |      8 |    400 |    682 |   2 |  617.0 |
       Dungeon |   1234 |   1226 |      8 |    400 |    682 |   2 |  617.0 |
               +--------+--------+--------+--------+--------+-----+--------+

Top non-repeatable levels by time:
     D:1: 1157 daAuts
     D:2: 77 daAuts
